Cogmind - Beta 12 @@@ ROGUE MODE // 2023.04.25 @ 10:12:42 Player: Exp. Geonium Core Result: Destroyed by M Guard with Advanced Micro-nuke Launcher Performance ------------- Evolutions (9) 4500 Regions Visited (30) 6000 Robots Destroyed (342) 1710 Value Destroyed (18162) 18162 Prototype IDs (58) 1160 Alien Tech Used (3) 600 Bonus (20767) 20767 TOTAL SCORE: 52899 Bonus ------- High Alert Combat Kills 3237 Follower Combat Kills 4013 Entered Garrisons 1600 Used RIF Installer 4500 Aligned with FarCom 300 Found Hidden Lab 3000 Pursued by Intercept 500 Met MAIN.C 5000 Friendly Fire -1383 Cogmind --------- Core Integrity 0/1600 Matter 295/300 Energy 100/100 System Corruption 12% Temperature Cool (10) Movement Flying (40) Location -1/Command Parts ------- > --- POWER (2) -------- (None) > --- PROPULSION (4) --- Xenon Bombardment Thruster > --- UTILITY (17) ----- Machine Analyzer Advanced Targeting Computer Advanced Target Analyzer Advanced Target Analyzer Relay Coupler [NC] (6) Relay Coupler [Grunt] (29) Relay Coupler [Brawler] (33) Relay Coupler [Duelist] (37) Relay Coupler [Hunter] (3) > --- WEAPON (2) ------- (None) > --- INVENTORY (5) ---- Xenon Bombardment Thruster Xenon Bombardment Thruster Peak State ------------ > --- POWER ------------ Light Quantum Reactor Light Quantum Reactor > --- PROPULSION ------- Biometal Heavy Treads Advanced Heavy Siege Treads > --- UTILITY ---------- Advanced Heat Sink Huge Storage Unit Long-range Sensor Array Advanced Targeting Computer Experimental Targeting Computer Advanced Target Analyzer Medium Regenerative Plating Advanced Hacking Suite Relay Coupler [NC] Relay Coupler [Grunt] Relay Coupler [Grunt] Relay Coupler [Brawler] Relay Coupler [Demolisher] Relay Coupler [Hunter] Relay Coupler [Behemoth] Relay Coupler [Proto] Relay Coupler [Proto] > --- WEAPON ----------- Linked Autogun > --- INVENTORY -------- Light Quantum Reactor Improved Heavy Siege Treads Improved Heavy Siege Treads Advanced Heavy Siege Treads Xenon Bombardment Thruster Xenon Bombardment Thruster Xenon Bombardment Thruster Xenon Bombardment Thruster Xenon Bombardment Thruster Experimental Matter Compressor Advanced Target Analyzer Graphene Brace Relay Coupler [Duelist] Advanced Recalibrator Immobilizer Improved Datajack Advanced Remote Datajack Guided Remote Datajack Improved Plasma Cutter Improved Plasma Cutter Improved Plasma Cutter Great Maul [Rating: 172] Favorites ----------- Power Light Quantum Reactor Engine Ion Engine Power Core Neutrino Core Reactor Light Quantum Reactor Propulsion Light Treads Treads Light Treads Leg High-density Centrium Leg Wheel Armored Wheel Hover Unit Experimental Gyrokinetic Inverter Flight Unit Xenon Bombardment Thruster Utility Huge Storage Unit Device Advanced Heat Sink Storage Huge Storage Unit Processor Experimental Core Analyzer Hackware Relay Coupler [NC] Protection Medium Regenerative Plating Weapon 8R-AWN's Boregun Energy Gun EM Pulse Gun Energy Cannon Enhanced Nova Cannon Ballistic Gun 8R-AWN's Boregun Launcher Rocket Launcher Special Weapon Remote Datajack Impact Weapon Great Maul Slashing Weapon Scythe Special Melee Weapon Datajack Build | -11 -10 -10 -9 -9 -9 -8 -8 -8 -8 -8 -7 -7 -7 -7 -6 -6 -5 -5 -4 -4 -4 -4 -4 -4 -3 -3 -2 -2 -1 -1 ------- Run | Jun Mat Min Mat Min Exi Min Mat Gar Mat Gar Fac Was Fac Gar Fac Gar Fac Gar Fac Was Fac Gar Arm Lab Res Gar Res Gar Acc Com Slots Evolved 18 | . . . 2 . . . 2 . . . 2 . . . 2 . 2 . 2 . . . . . 2 . 2 . 2 . Power 1 | . . . . . . . . . . . . . . . . . . . . . . . . . 1 . . . . . Propulsion 2 | . . . 1 . . . 1 . . . . . . . . . . . . . . . . . . . . . . . Utility 15 | . . . 1 . . . 1 . . . 2 . . . 2 . 2 . 2 . . . . . 1 . 2 . 2 . Weapon . | . . . . . . . . . . . . . . . . . . . . . . . . . . . . . . . Parts Attached 471 | . 7 5 22 8 24 2 19 13 . 9 3 8 9 23 11 23 4 50 6 4 1 44 39 10 12 15 7 24 47 22 Power 35 | . . . 2 . 4 . . 1 . . . 1 . 1 . . . 7 . . . 3 2 1 1 1 . . 8 3 Engine 4 | . . . 1 . 1 . . . . . . . . . . . . 1 . . . . . . . . . . . 1 Core 7 | . . . 1 . 2 . . 1 . . . . . . . . . 2 . . . 1 . . . . . . . . Reactor 24 | . . . . . 1 . . . . . . 1 . 1 . . . 4 . . . 2 2 1 1 1 . . 8 2 Propulsion 90 | . 5 2 8 1 6 . 9 4 . 3 . 2 . 2 . 5 . 11 . . . 10 8 2 1 . . 2 5 4 Treads 63 | . 1 2 2 1 4 . 7 3 . 3 . 2 . 2 . 5 . 9 . . . 4 7 1 1 . . 2 5 2 Leg 11 | . 1 . . . 2 . . . . . . . . . . . . 2 . . . 5 1 . . . . . . . Wheel 11 | . 3 . 6 . . . 1 1 . . . . . . . . . . . . . . . . . . . . . . Hover 2 | . . . . . . . . . . . . . . . . . . . . . . 1 . 1 . . . . . . Flight 3 | . . . . . . . 1 . . . . . . . . . . . . . . . . . . . . . . 2 Utility 160 | . 2 . 6 . 3 . 4 2 . . 3 1 2 10 3 9 1 15 3 2 . 20 14 4 8 11 5 6 18 8 Device 36 | . . . 1 . . . . . . . 2 . . 3 . 2 . 4 2 . . 8 . . 3 4 1 . 4 2 Storage 6 | . 2 . 1 . . . . . . . . . . . . . . 1 . . . . . . 1 . . . . 1 Processor 14 | . . . . . 1 . 2 . . . . 1 . . . . . . . . . 1 1 . 2 . . . 3 3 Hackware 72 | . . . . . . . 1 1 . . 1 . 2 1 3 5 . 8 1 1 . 11 6 1 1 6 4 6 11 2 Protection 32 | . . . 4 . 2 . 1 1 . . . . . 6 . 2 1 2 . 1 . . 7 3 1 1 . . . . Artifact . | . . . . . . . . . . . . . . . . . . . . . . . . . . . . . . . Weapon 186 | . . 3 6 7 11 2 6 6 . 6 . 4 7 10 8 9 3 17 3 2 1 11 15 3 2 3 2 16 16 7 Energy Gun 10 | . . 1 1 . . . . . . . . . . . . . . . . . . . . 1 . 1 . . 2 4 Energy Cannon 35 | . . . . . . . . . . . . . 1 1 2 2 1 7 1 1 . 3 6 . 1 . 1 5 3 . Ballistic Gun 38 | . . . 4 2 5 1 4 2 . 3 . 2 3 3 1 4 . 2 . . . . . . . . . . 2 . Ballistic Cannon . | . . . . . . . . . . . . . . . . . . . . . . . . . . . . . . . Launcher 29 | . . 2 1 3 1 1 2 . . 1 . . . 2 1 1 . 1 . . . 3 6 . . . . 4 . . Special Weapon 35 | . . . . . . . . . . . . 1 1 2 3 2 2 2 2 1 1 3 1 . 1 1 1 4 5 2 Impact Weapon 17 | . . . . . . . . . . 1 . . 1 1 . . . 4 . . . . . 1 . 1 . 3 4 1 Slashing Weapon 20 | . . . . 2 5 . . 4 . 1 . 1 1 1 . . . . . . . 2 2 1 . . . . . . Piercing Weapon . | . . . . . . . . . . . . . . . . . . . . . . . . . . . . . . . Special Melee Weapon 2 | . . . . . . . . . . . . . . . 1 . . 1 . . . . . . . . . . . . Unidentified Prototypes 32 | . . . 2 . 5 . 2 . . . . . . 2 . . . . . . . 7 . 8 3 . . . 2 1 Parts Lost 115 | . . . 3 1 3 . . . . . . . . 4 2 6 1 22 . . . 19 14 . . 4 . 6 14 16 Power 16 | . . . 1 . 1 . . . . . . . . 1 . . . 3 . . . 2 1 . . 1 . . 4 2 Propulsion 25 | . . . 1 . 2 . . . . . . . . . . 1 . 7 . . . 4 3 . . . . 1 1 5 Utility 51 | . . . . . . . . . . . . . . 2 1 5 1 7 . . . 9 7 . . 2 . 4 6 7 Weapon 23 | . . . 1 1 . . . . . . . . . 1 1 . . 5 . . . 4 3 . . 1 . 1 3 2 Highest Loss Streak 13 | . . . 1 1 2 . . . . . . . . 1 2 5 1 9 . . . 13 12 . . 4 . 3 8 7 To Critical Strikes 2 | . . . . . 2 . . . . . . . . . . . . . . . . . . . . . . . . . Average Slot Usage (%) 85 | . 92 85 89 99 96 100 91 88 90 90 92 84 84 80 81 78 80 78 82 83 73 76 83 85 87 84 85 85 83 70 Engine 2 | . 14 14 6 11 3 . . . . . . . . . . . . . . . . . . . . . . . . . Core 1 | . . . 3 . 4 11 9 9 9 9 7 . . . . . . . . . . 1 . . . . . . . . Reactor 3 | . . . . . . . . . . . . 6 7 6 6 6 5 3 5 5 5 3 5 5 7 8 8 8 7 2 Treads 12 | . . 21 11 12 26 33 21 18 18 18 15 9 15 15 13 12 11 12 10 10 10 4 4 9 9 9 8 7 8 7 Leg 2 | . 26 . . . 5 . . . . . . . . . . . . 1 . . . 11 9 . . . . . . . Wheel 3 | . 1 6 22 20 1 . 7 9 9 9 7 5 . . . . . . . . . . . . . . . . . . Device 6 | . . . 3 11 . . . . . . 13 7 3 1 . 4 11 9 19 17 10 15 11 . 3 10 11 12 9 4 Storage 7 | . 20 14 11 11 11 11 9 9 9 9 7 7 7 7 6 6 5 4 5 5 5 5 5 5 4 4 4 4 4 4 Processor 7 | . . . . . 4 11 24 18 18 18 15 22 23 23 20 11 5 . . . . 2 4 . 7 1 . . 8 13 Hackware 16 | . . . . . . . . 2 . . 1 7 11 . 13 18 21 29 31 33 26 20 26 21 23 28 33 34 36 31 Protection 6 | . . . 8 11 16 11 2 6 9 9 7 . . 9 7 1 5 2 . . 5 . 4 33 19 12 9 8 4 . Energy Gun 1 | . 14 13 2 . . . . . . . . . . . . . . . . . . . . 3 . . . . . 2 Energy Cannon 1 | . . . . . . . . . . . . . . . . 3 1 6 7 5 6 3 3 . 3 3 2 1 . . Ballistic Gun 4 | . 14 . 18 19 6 1 8 11 9 9 7 14 5 4 . 4 4 . . . . . . . . . . . . . Special Weapon 1 | . . . . . . . . . . . . . 4 2 4 . 4 . 2 4 4 3 4 . 3 2 4 2 1 2 Slashing Weapon 2 | . . . . 2 15 20 7 4 9 3 . . 3 4 6 3 . . . . . 1 1 4 . . . . . . Naked Turns . | . . . . . . . . . . . . . . . . . . . . . . . . . . . . . . . Heaviest Build 174 | 10 45 49 111 107 124 106 106 114 112 114 114 110 108 117 112 126 135 136 144 174 174 131 139 148 165 163 156 156 139 105 Greatest Support 155 | 20 24 40 33 33 60 60 80 28 28 28 28 140 140 150 150 150 150 150 150 150 150 150 155 150 150 150 150 150 155 155 Greatest Overweight (x) 26 | . 2 2 4 4 9 1 3 4 3 4 4 3 . . . . . 26 . 1 1 1 1 1 1 1 1 1 1 . Average Overweight (x) 1 | . . 1 2 3 1 1 2 3 3 3 3 2 . . . . . . . . 1 . . . . . . . . . Largest Inventory Capacity 25 | . 20 20 25 25 25 25 25 25 25 25 25 25 25 25 25 25 25 25 25 25 25 25 25 25 25 25 25 25 25 25 Average Capacity 24 | . 12 20 21 25 25 25 25 25 25 25 25 25 25 25 25 25 25 22 25 25 25 25 25 25 25 25 25 25 25 20 Most Carried 25 | . 16 18 25 25 25 25 25 25 24 25 25 25 25 25 25 25 23 25 25 24 25 25 25 25 25 25 25 25 25 22 Average Carried 22 | . 11 17 21 24 24 25 24 24 24 24 23 22 24 23 23 24 23 21 24 24 24 21 23 24 22 24 21 23 22 14 Final Capacity 25 | 8 20 20 25 25 25 25 25 25 25 25 25 25 25 25 25 25 25 25 25 25 25 25 25 25 25 25 25 25 25 5 Final Carried 25 | 6 16 18 25 25 25 25 25 24 24 25 23 25 25 25 24 25 23 24 25 24 25 25 25 25 25 25 22 21 23 2 Class Distribution -------------------- 49% | Botlord-Mutant 20% | Mutant 14% | Scavenger-Mutant 14% | Bothacker-Mutant Dominant Class ---------------- Mutant | -10/Materials Mutant | -10/Mines Mutant | -9/Materials Mutant | -9/Mines Mutant | -9/Exiles Scavenger-Mutant | -8/Mines Scavenger-Mutant | -8/Materials Mutant | -8/Garrison Mutant | -8/Materials Bothacker-Mutant | -8/Garrison Bothacker-Mutant | -7/Factory Bothacker-Mutant | -7/Waste Bothacker-Mutant | -7/Factory Scavenger-Mutant | -7/Garrison Bothacker-Mutant | -6/Factory Bothacker-Mutant | -6/Garrison Botlord-Mutant | -5/Factory Botlord-Mutant | -5/Garrison Botlord-Mutant | -4/Factory Botlord-Mutant | -4/Waste Botlord-Mutant | -4/Factory Botlord-Mutant | -4/Garrison Botlord-Mutant | -4/Armory Botlord-Mutant | -4/Lab Botlord-Mutant | -3/Research Botlord-Mutant | -3/Garrison Botlord-Mutant | -2/Research Botlord-Mutant | -2/Garrison Botlord-Mutant | -1/Access Botlord-Mutant | -1/Command Resources | -11 -10 -10 -9 -9 -9 -8 -8 -8 -8 -8 -7 -7 -7 -7 -6 -6 -5 -5 -4 -4 -4 -4 -4 -4 -3 -3 -2 -2 -1 -1 ----------- Run | Jun Mat Min Mat Min Exi Min Mat Gar Mat Gar Fac Was Fac Gar Fac Gar Fac Gar Fac Was Fac Gar Arm Lab Res Gar Res Gar Acc Com Matter Collected 13083 | 200 33 28 792 227 737 69 901 416 . 451 . 292 335 555 113 572 . 572 51 158 . 897 970 168 408 725 . 1229 1952 232 Remotely . | . . . . . . . . . . . . . . . . . . . . . . . . . . . . . . . Salvage Created 18686 | . 215 33 1144 167 488 186 1653 526 . 709 . 1967 443 1251 177 1126 109 1096 . 218 . 242 1317 78 556 1426 65 776 1983 735 Parts 856 | . 13 10 74 6 83 5 106 28 . 52 . 43 28 40 6 49 10 38 . 2 . 11 38 4 40 57 2 22 57 32 Haulers Intercepted 11 | . 1 . 4 . . . 5 . . . . . 1 . . . . . . . . . . . . . . . . . Recyclers Shooed 10 | . 1 1 . . . . . . . . . . 1 . . . . . . . . . . . 1 . . . 2 4 Parts Field Recycled . | . . . . . . . . . . . . . . . . . . . . . . . . . . . . . . . Retrieved Matter . | . . . . . . . . . . . . . . . . . . . . . . . . . . . . . . . Parts Self-Destructed . | . . . . . . . . . . . . . . . . . . . . . . . . . . . . . . . Prevented . | . . . . . . . . . . . . . . . . . . . . . . . . . . . . . . . Kills | -11 -10 -10 -9 -9 -9 -8 -8 -8 -8 -8 -7 -7 -7 -7 -6 -6 -5 -5 -4 -4 -4 -4 -4 -4 -3 -3 -2 -2 -1 -1 ------- Run | Jun Mat Min Mat Min Exi Min Mat Gar Mat Gar Fac Was Fac Gar Fac Gar Fac Gar Fac Was Fac Gar Arm Lab Res Gar Res Gar Acc Com Combat Hostiles Destroyed 332 | . 6 5 20 20 4 4 28 9 . 17 . 6 5 10 5 13 2 14 . 1 . 12 29 1 5 24 1 63 24 4 Melee 19 | . . . . . . 1 2 . . . . . . 3 . 3 . 1 . . . 1 1 1 . . . 3 3 . Guns 88 | . 6 1 13 3 3 2 7 9 . 11 . 6 4 2 1 4 . . . . . . . . . . . . 13 3 Cannons 57 | . . . . . . . . . . . . . 1 1 1 3 2 5 . . . 3 3 . 5 17 1 13 2 . AOE 144 | . . 4 7 17 1 1 19 . . 6 . . . 4 3 3 . 5 . . . 7 23 . . . . 44 . . Classes Destroyed 25 | . 3 1 5 3 1 2 1 . . 2 . 1 . 2 . 2 . . . . . . 1 . . . . . 1 . Worker 19 | . . . 3 1 . . 7 . . . . . . . . . . . . . . . . . 1 . . . 5 2 Builder 11 | . . 1 2 . . . 6 . . . . . 1 . . . . . . . . . . . . . . . 1 . Tunneler 3 | . . . . 1 . . . . . . . . 1 . . . . . . . . . . . 1 . . . . . Hauler 11 | . 1 . 4 . . . 5 . . . . . 1 . . . . . . . . . . . . . . . . . Recycler 9 | . . . 1 1 . . 3 . . . . . 1 . . . . . . . . . . . 1 . . . 2 . Mechanic 6 | . . . 1 . . . . . . . . . . . . . . . . . . . 2 . 1 . . . 1 1 Operator 4 | . . . . . . . 1 . . . . . 1 . . . . . . . . . . . 1 . . . . 1 Watcher 9 | . . . 1 . . . 3 . . . . . . . . 1 . . . . . . 2 . 1 . . . 1 . Swarmer 57 | . 3 3 4 . . . 7 . . 4 . . 2 . . 4 . . . . . 5 3 . 1 12 . 1 8 . Cutter 3 | . . . . . . . . . . . . . . 3 . . . . . . . . . . . . . . . . Saboteur 1 | . . . . . . . . . . . . . . . . . . . . . . . . . . . . . 1 . Grunt 84 | . 3 2 9 . . 2 16 3 . 6 . . 1 2 4 2 . 6 . . . 1 16 . . 7 . 4 . . Brawler 12 | . . . . . . 1 1 . . 3 . . 1 2 . . . 1 . . . . 2 . . . . . 1 . Duelist 1 | . . . . . . . . . . 1 . . . . . . . . . . . . . . . . . . . . Protector 1 | . . . . . . . . . . . . . . . . . . . . . . . 1 . . . . . . . Sentry 26 | . . . 7 . . . 4 5 . . . . 1 3 . 1 . . . . . . . . . 1 . . 4 . Demolisher 4 | . . . . 2 . . . . . . . . . . . . . . . . . . 2 . . . . . . . Specialist 4 | . . . . . . . . . . . . . . . . . . 2 . . . . 2 . . . . . . . Hunter 22 | . . . . . . 1 . 1 . . . . . . . 1 2 1 . . . 3 1 . . 2 . 1 7 2 Programmer 25 | . . . . . . . . . . 3 . . . . 1 3 . 2 . . . 2 2 . 4 . 1 3 2 2 Heavy 4 | . . . . . . . . . . . . . . . . 1 . . . . . . 1 . . 1 . 1 . . Behemoth 5 | . . . . . . . . . . . . . . . . 1 . 2 . . . 1 . . . 1 . . . . Compactor 7 | . . . . . . . . . . . . 6 . . . . . . . 1 . . . . . . . . . . Combat Programmer 1 | . . . . . . . . . . . . . . . . . . . . . . . . . . . . . 1 . Zionite 6 | . . . . . 6 . . . . . . . . . . . . . . . . . . . . . . . . . Assembled 75 | . . . . 18 3 . . . . . . . . . . . . . . . . . . . . . . 54 . . Thug 1 | . . . . . . . . . . . . 1 . . . . . . . . . . . . . . . . . . Infiltrator 1 | . . . . . . . . . . . . . . 1 . . . . . . . . . . . . . . . . Best Kill Streak 25 | . 6 5 7 18 7 3 14 5 . 6 . 4 5 3 3 4 2 6 . 1 . 5 9 1 4 16 1 25 5 3 Combat Bots Only 25 | . 6 4 6 17 3 3 11 5 . 6 . 4 4 3 3 4 2 6 . 1 . 5 8 1 3 16 1 25 5 1 Max Kills in Single Turn 6 | . 1 3 4 6 1 1 4 2 . 5 . 3 1 1 1 3 1 3 . 1 . 2 4 1 1 1 1 5 1 2 Gunslinging 1 | . . . . . . . . 1 . . . . . . . . . . . . . . . . . . . . . . Exploded 6 | . . 2 4 6 1 1 4 . . 5 . . . 1 1 3 . 3 . . . 2 3 . . . . 5 . . Melee 1 | . . . . . . 1 1 . . . . . . 1 . 1 . 1 . . . 1 1 1 . . . 1 1 . Uniques/NPCs Destroyed 5 | . . . . . 4 . . . . . . . . . . . . . . . . . . 1 . . . . . . EX-DEC (-9/Exiles) EX-HEX (-9/Exiles) EX-BIN (-9/Exiles) 8R-AWN (-9/Exiles) A5 (-4/Lab) Combat | -11 -10 -10 -9 -9 -9 -8 -8 -8 -8 -8 -7 -7 -7 -7 -6 -6 -5 -5 -4 -4 -4 -4 -4 -4 -3 -3 -2 -2 -1 -1 -------- Run | Jun Mat Min Mat Min Exi Min Mat Gar Mat Gar Fac Was Fac Gar Fac Gar Fac Gar Fac Was Fac Gar Arm Lab Res Gar Res Gar Acc Com Damage Taken 35299 | . 86 263 704 434 726 212 843 305 . 641 . 22 236 1373 416 2419 278 6418 111 53 354 3958 4205 445 356 1165 . 1564 3838 3874 Core 4491 | . 31 51 110 72 58 67 76 26 . 57 . . 20 263 67 61 33 813 . . 23 567 370 24 . . . 45 288 1369 Absorbed by Shields 2158 | . . . . . . . . . . . . . . . . . . . 45 . . 409 594 . 80 159 . 871 . . Reduced by Siege Mode 1374 | . . . . . . . . . . . . . . . . 129 . 237 . . . 216 247 . . 16 . . 275 254 Redirected to Shielding 8 | . . . . . . . . . . . . . . . . . . . . . . . . . 8 . . . . . Regen/Repaired (Parts) 1667 | . . . . . . . . . . . . . . . 61 . . . . . . . 363 1 54 156 314 364 354 . Core Remaining (%) 65 | 100 . 67 . . . 23 . . . 71 . . . 59 . 84 . 15 . . . . . 38 . 100 . 96 . . Volleys Fired 1228 | . 19 26 72 12 49 6 84 19 . 43 . 11 38 38 27 40 11 84 12 11 11 86 84 . 24 76 16 88 130 111 Largest 2 | . 2 1 2 2 2 1 2 2 . 2 . 2 2 2 1 2 1 2 1 2 1 2 2 . 1 1 1 1 1 2 Hottest 240 | . 60 40 73 72 60 36 55 60 . 60 . 60 98 98 98 98 113 240 5 240 120 240 240 . 100 100 100 100 100 80 Shots Fired 1597 | . 38 26 129 24 87 6 105 38 . 59 . 22 46 52 27 59 11 115 12 13 11 94 92 . 24 75 16 87 129 200 Gun 752 | . 38 15 124 16 86 5 81 38 . 56 . 22 35 33 8 43 . 2 . . . . . . . . . . 62 88 Cannon 416 | . . . . . . . . . . . . . 2 8 7 11 4 103 . 5 9 57 41 . 17 68 4 46 34 . Launcher 115 | . . 11 5 8 1 1 24 . . 3 . . . 5 6 1 . 3 . . . 6 16 . . . . 25 . . Special 314 | . . . . . . . . . . . . . 9 6 6 4 7 7 12 8 2 31 35 . 7 7 12 16 33 112 Kinetic 604 | . 19 . 110 16 86 5 81 38 . 56 . 22 35 33 8 43 . 2 . . . . . . . . . . 50 . Thermal 649 | . 19 . . . . . . . . . . . 2 8 7 11 4 103 . 5 9 57 41 . 17 68 4 46 48 200 Explosive 115 | . . 11 5 8 1 1 24 . . 3 . . . 5 6 1 . 3 . . . 6 16 . . . . 25 . . Electromagnetic 29 | . . 15 14 . . . . . . . . . . . . . . . . . . . . . . . . . . . Robot Hit Streak 41 | . 15 2 12 6 8 3 8 13 . 9 . 10 9 6 8 12 8 30 3 16 25 25 14 . 16 28 33 41 31 39 Robot Miss Streak 7 | . 5 4 6 4 7 1 3 2 . 3 . 1 3 3 4 3 2 3 2 . 1 4 3 . . . . 1 2 3 Penetration Max 2 | . . . . . 1 . 2 1 . 1 . 1 1 2 1 1 . . . . . . . . . . . . . . Secondary Targets 4 | . 1 . . . 1 . . 1 . . . . . 1 . . . . . . . . . . . . . . . . Max Gunslinging Chain 1 | . 1 . . . 1 . . 1 . . . . . 1 . . . . . . . . . . . . . . . . Shots Hit Robots 1188 | . 22 11 83 14 72 5 69 25 . 36 . 19 33 50 17 80 9 104 6 13 10 73 76 9 8 12 5 54 103 170 Core Hits 690 | . 13 10 45 41 29 5 75 17 . 23 . 9 16 33 11 31 4 51 . 1 3 17 46 5 11 30 1 70 41 52 Critical Kills 73 | . . . 1 . 5 2 11 6 . 7 . 6 6 2 1 1 . 4 . 1 . . 2 . . 7 . 3 8 . Critical Parts Destroyed 52 | . . . . . 9 1 5 5 . 6 . . 5 10 . 1 . 3 . . . . . . . . . 1 6 . Critical Strikes 148 | . . . 1 . 19 3 18 13 . 13 . 10 12 14 1 3 . 7 . 1 . 2 4 . . 7 . 4 14 2 Burn 3 | . . . . . . . . . . . . . . . . . . . . . . 1 2 . . . . . . . Meltdown 23 | . . . . . . . . . . . . . . . . . . 4 . 1 . . 2 . . 7 . 3 6 . Destroy 104 | . . . 1 . 16 3 17 13 . 13 . 10 11 12 1 2 . . . . . . . . . . . . 5 . Smash 7 | . . . . . . . . . . . . . . . . . . 3 . . . . . . . . . 1 3 . Sever 11 | . . . . . 3 . 1 . . . . . 1 2 . 1 . . . . . 1 . . . . . . . 2 Melee Attacks 307 | . . . . 4 33 4 18 10 . 23 . 2 4 27 6 62 . 28 . . . 15 11 14 2 3 . 26 14 1 Impact 85 | . . . . . . . . . . 10 . . 1 4 . . . 24 . . . . . 2 . 3 . 26 14 1 Slashing 216 | . . . . 4 33 4 18 10 . 13 . 2 3 23 4 62 . . . . . 15 11 12 2 . . . . . Piercing . | . . . . . . . . . . . . . . . . . . . . . . . . . . . . . . . Sneak Attacks 28 | . . . . 2 . . 9 . . . . 2 1 . 2 . . 3 . . . 1 . . 1 . . . 7 . Combat Hostiles 6 | . . . . . . . . . . . . . . . . . . 3 . . . 1 . . . . . . 2 . Follow-up Attacks 4 | . . . . 1 3 . . . . . . . . . . . . . . . . . . . . . . . . . Damage Inflicted 56954 | . 223 662 2041 1519 1857 222 3808 477 . 1137 . 571 613 2233 711 3732 157 5481 . 212 339 3999 6905 447 837 2587 189 8775 4533 2687 Guns 10053 | . 210 77 1290 135 894 62 979 477 . 722 . 435 399 403 58 686 . 39 . . . . . . . . . . 2181 1006 Cannons 15016 | . . . . . . . . . . . . . 31 161 127 340 157 3333 . 212 339 1796 1424 . 693 2575 189 2085 1554 . Explosions 21241 | . . 585 742 1232 . 99 2081 . . 415 . . . 287 494 205 . 1550 . . . 1958 5190 . . . . 6403 . . Melee 8666 | . . . . 152 963 61 748 . . . . 136 142 1382 . 2501 . 477 . . . 245 275 447 144 . . 287 706 . Ramming 297 | . 13 . 9 . . . . . . . . . 41 . 32 . . 82 . . . . 16 . . 12 . . 92 . Kinetic 8352 | . 63 . 1151 135 894 62 979 477 . 722 . 435 399 403 58 686 . 39 . . . . . . . . . . 1849 . Thermal 18254 | . 147 . 72 . . . . . . . . . 31 161 127 340 157 3333 . 212 339 1796 1424 . 693 2575 189 2085 1886 2687 Explosive 21169 | . . 585 670 1232 . 99 2081 . . 415 . . . 287 494 205 . 1550 . . . 1958 5190 . . . . 6403 . . Electromagnetic 216 | . . 77 139 . . . . . . . . . . . . . . . . . . . . . . . . . . . Impact 1521 | . . . . . . . . . . . . . . . . . . 477 . . . . . 51 . . . 287 706 . Slashing 7145 | . . . . 152 963 61 748 . . . . 136 142 1382 . 2501 . . . . . 245 275 396 144 . . . . . Piercing . | . . . . . . . . . . . . . . . . . . . . . . . . . . . . . . . Highest Corruption 32 | . . . . 1 1 1 1 1 1 2 . . . 4 1 3 . 1 . 22 22 26 27 32 1 . . 6 1 11 Average Corruption 7 | . . . . 1 1 1 1 1 1 1 . . . 4 1 2 . 1 . 10 22 25 26 31 1 . . 4 1 5 Corruption Purged 1 | . . . . . . . . . . . . . . . . . . . . . . . . . 1 . . . . . Corruption Blocked . | . . . . . . . . . . . . . . . . . . . . . . . . . . . . . . . Effects 344 | . . . . 1 16 3 6 4 1 19 . . . 21 4 22 . 14 . 10 5 92 61 19 . . . 22 2 22 Message Errors 82 | . . . . . 4 . 1 1 . 3 . . . 7 1 5 . 4 . 2 3 20 15 5 . . . 8 . 3 Matter Fused 75 | . . . . . 4 1 1 1 . 5 . . . 5 1 7 . 1 . 2 . 18 13 5 . . . 5 . 6 Heat Flow Errors 47 | . . . . 1 2 2 . . . 4 . . . 2 . 1 . 1 . . . 16 8 4 . . . 3 1 2 Energy Discharges 35 | . . . . . 1 . . . 1 3 . . . 2 . 5 . 2 . 1 1 8 5 3 . . . 2 . 1 Parts Rejected 5 | . . . . . . . . . . 1 . . . 1 . . . . . 1 . 2 . . . . . . . . Parts Fused 5 | . . . . . . . . 1 . . . . . . 1 . . 1 . . . 1 1 . . . . . . . Data Loss (minor) 40 | . . . . . 5 . 3 1 . 2 . . . 3 1 2 . 1 . 2 . 10 8 1 . . . . . 1 Data Loss (major) 17 | . . . . . . . 1 . . . . . . . . 2 . 1 . 1 1 3 5 . . . . . . 3 Misfires 10 | . . . . . . . . . . 1 . . . 1 . . . 2 . . . 3 2 . . . . . . 1 Alerts 10 | . . . . . . . . . . . . . . . . . . 1 . . . 3 1 1 . . . 3 . 1 Misdirections 5 | . . . . . . . . . . . . . . . . . . . . . . 3 2 . . . . . . . Weapon Failures 13 | . . . . . . . . . . . . . . . . . . . . 1 . 5 1 . . . . 1 1 4 Overload Shots . | . . . . . . . . . . . . . . . . . . . . . . . . . . . . . . . Overflow Damage 3273 | . . 41 . 119 . . 128 . . . . 18 . . 48 186 . 242 . . . 363 488 . 90 38 . 895 611 6 Projectiles 361 | . . . . . . . . . . . . . . . 3 2 . 38 . . . 50 19 . 34 38 . 108 63 6 Explosions 1689 | . . 41 . 57 . . 48 . . . . . . . 43 20 . 19 . . . 281 469 . . . . 711 . . Melee 1223 | . . . . 62 . . 80 . . . . 18 . . 2 164 . 185 . . . 32 . . 56 . . 76 548 . Knockbacks 12 | . . . . . . . . . . . . . . . . . . 7 . . . . . 1 . . . 1 3 . Impact 12 | . . . . . . . . . . . . . . . . . . 7 . . . . . 1 . . . 1 3 . Kinetic . | . . . . . . . . . . . . . . . . . . . . . . . . . . . . . . . Secondary . | . . . . . . . . . . . . . . . . . . . . . . . . . . . . . . . Self-Inflicted Damage 1578 | . . 69 4 83 . . 114 . . 45 . . . 201 . 30 . 73 . . . 424 197 . . . . 338 . . Shots 31 | . . 2 . 2 . . 6 . . 2 . . . 4 . 1 . 3 . . . 5 2 . . . . 4 . . Rammed 22 | . . 1 1 . . . . . . . . . 1 . 1 . . 11 . . . . 2 . . 1 . . 4 . Targets Rammed 26 | . 1 1 1 . . . . . . . . . 1 . 1 . . 11 . . . . 2 . . 1 . . 7 . Kicked 1 | . 1 . . . . . . . . . . . . . . . . . . . . . . . . . . . . . Crushed 3 | . . . . . . . . . . . . . . . . . . . . . . . . . . . . . 3 . Highest Temperature 624 | . 67 64 27 193 268 252 36 126 . 256 . . 96 180 230 248 164 624 . . 29 270 258 247 240 231 20 219 239 196 Average Temperature 68 | . 22 31 9 59 44 124 13 55 . 59 . . 33 48 78 101 73 133 . . 17 101 69 72 74 84 12 37 44 93 Received Heat Transfer 5407 | . 27 105 303 . . 54 396 126 . 72 . 9 48 378 120 291 . 1936 12 . 82 194 547 . 101 64 . 137 360 45 Effects 11 | . . . . . 1 1 . . . . . . . . . . . 7 . . . 1 . 1 . . . . . . Shutdowns 2 | . . . . . . . . . . . . . . . . . . 2 . . . . . . . . . . . . Energy Bleed 3 | . . . . . 1 1 . . . . . . . . . . . . . . . 1 . . . . . . . . Interference 2 | . . . . . . . . . . . . . . . . . . 1 . . . . . 1 . . . . . . Damage (major) 2 | . . . . . . . . . . . . . . . . . . 2 . . . . . . . . . . . . Damage (core) 2 | . . . . . . . . . . . . . . . . . . 2 . . . . . . . . . . . . Siege Activations 14 | . . . . . . . . . . . . . . . . 4 1 4 . . . 1 1 . . 1 . . 1 1 Total Turns 293 | . . . . . . . . . . . . . . . . 67 4 51 . . . 51 30 . . 18 . . 20 52 Longest Duration 52 | . . . . . . . . . . . . . . . . 34 4 36 . . . 51 30 . . 18 . . 20 52 Robots Corrupted . | . . . . . . . . . . . . . . . . . . . . . . . . . . . . . . . Combat Hostiles . | . . . . . . . . . . . . . . . . . . . . . . . . . . . . . . . Parts Fried 5 | . . . . . . . . . . . . . . . . . . . . . . . . . . . . . 5 . Impact Corruptions 26 | . . . . . . . . . . . . . . . 1 . . 9 . . . . . . . . . 1 15 . Robots Melted 27 | . . . . . . . . . . . . . . . . . . 4 . 1 . 1 3 . . 7 . 3 7 1 Combat Hostiles 23 | . . . . . . . . . . . . . . . . . . 2 . 1 . 1 2 . . 7 . 3 6 1 Parts Melted 68 | . . . . . . . . . . . . . 1 . 3 5 2 8 . 3 . 1 6 . 1 17 . 3 12 6 Heat Transferred 18017 | . 350 . 150 . . . . . . . . . 50 250 150 450 148 2697 . 185 296 1738 1922 . 518 2090 148 1628 1665 3582 Parts Sabotaged 4 | . . . . . . . . . . . . . . . . . . . . . . . . . . . . . 4 . Parts Stolen . | . . . . . . . . . . . . . . . . . . . . . . . . . . . . . . . Parts Stripped . | . . . . . . . . . . . . . . . . . . . . . . . . . . . . . . . Power Chain Reactions 1 | . . . 1 . . . . . . . . . . . . . . . . . . . . . . . . . . . Missiles Intercepted . | . . . . . . . . . . . . . . . . . . . . . . . . . . . . . . . Alert | -11 -10 -10 -9 -9 -9 -8 -8 -8 -8 -8 -7 -7 -7 -7 -6 -6 -5 -5 -4 -4 -4 -4 -4 -4 -3 -3 -2 -2 -1 -1 ------- Run | Jun Mat Min Mat Min Exi Min Mat Gar Mat Gar Fac Was Fac Gar Fac Gar Fac Gar Fac Was Fac Gar Arm Lab Res Gar Res Gar Acc Com Peak Influence 1291 | . 195 185 582 190 . 142 917 923 449 861 451 157 176 1035 722 1161 679 1180 676 167 170 663 1064 . 206 571 334 1291 1059 694 Initial 752 | . . 8 . 159 . . 55 596 449 291 451 157 . 119 543 369 609 475 619 137 116 119 347 . . . 321 96 752 604 Average 497 | . 98 59 378 55 . 50 585 769 449 678 451 134 71 633 615 730 629 825 586 158 129 342 784 . 77 362 230 673 816 575 Maximum Alert Level 4 | . . . 2 . . . 3 3 2 3 2 . . 3 3 4 2 4 2 . . 2 3 . 1 2 1 4 3 2 Low Security (%) 30 | . 100 100 13 100 . 100 10 . . . . 100 100 12 . . . . . 100 100 30 . . 99 28 44 17 . . Level 1 10 | . . . 29 . . . 24 . . 9 . . . 13 . 4 . . . . . 38 4 . . 11 55 26 . . Level 2 26 | . . . 57 . . . 10 35 100 33 100 . . 32 67 54 100 17 100 . . 30 24 . . 60 . 6 11 99 Level 3 30 | . . . . . . . 55 64 . 56 . . . 41 32 36 . 74 . . . . 71 . . . . 36 88 . Level 4 1 | . . . . . . . . . . . . . . . . 4 . 7 . . . . . . . . . 12 . . Level 5 . | . . . . . . . . . . . . . . . . . . . . . . . . . . . . . . . High Security . | . . . . . . . . . . . . . . . . . . . . . . . . . . . . . . . Max Security . | . . . . . . . . . . . . . . . . . . . . . . . . . . . . . . . Squads Dispatched 34 | . 1 . 1 . . . 3 . . . . . 3 . . . . . 1 . . . 7 . 2 . 2 . 12 2 Investigation 4 | . 1 . . . . . 1 . . . . . . . . . . . . . . . . . . . . . 2 . Extermination 8 | . . . . . . . . . . . . . 1 . . . . . 1 . . . 1 . 1 . 1 . 2 1 Reinforcement 12 | . . . 1 . . . 2 . . . . . 2 . . . . . . . . . 3 . 1 . 1 . 1 1 Assault 4 | . . . . . . . . . . . . . . . . . . . . . . . 3 . . . . . 1 . Garrison 3 | . . . . . . . . . . . . . . . . . . . . . . . . . . . . . 3 . Intercept 3 | . . . . . . . . . . . . . . . . . . . . . . . . . . . . . 3 . Searches Triggered . | . . . . . . . . . . . . . . . . . . . . . . . . . . . . . . . Construction Impeded 2 | . . . . . . . 2 . . . . . . . . . . . . . . . . . . . . . . . Haulers Reinforced 1 | . . . . . . . . . . . . . 1 . . . . . . . . . . . . . . . . . Active Scanning Responses . | . . . . . . . . . . . . . . . . . . . . . . . . . . . . . . . Cargo Convoy Interrupts . | . . . . . . . . . . . . . . . . . . . . . . . . . . . . . . . Alert ID Control Effect 47 | . . . . . . . . . . . . . . . . . . . . . . . 19 . . . 4 9 15 . Stealth | -11 -10 -10 -9 -9 -9 -8 -8 -8 -8 -8 -7 -7 -7 -7 -6 -6 -5 -5 -4 -4 -4 -4 -4 -4 -3 -3 -2 -2 -1 -1 --------- Run | Jun Mat Min Mat Min Exi Min Mat Gar Mat Gar Fac Was Fac Gar Fac Gar Fac Gar Fac Was Fac Gar Arm Lab Res Gar Res Gar Acc Com Distress Signals 13 | . . . . . . . 4 . . . . . . . . . . . . . . . 4 . 1 . . . 4 . Communications Jammed 329 | . . . . . . . . . . . . . 4 . . 4 . 59 7 . . 8 199 . . . 1 . 33 14 Distress Signals 328 | . . . . . . . . . . . . . 4 . . 4 . 59 7 . . 8 199 . . . . . 33 14 Times Spotted 610 | . 9 5 25 21 27 4 40 7 . 16 . 4 12 27 8 27 3 30 8 5 7 53 66 1 15 19 2 85 73 11 Peak Tracking Total 17 | . 4 3 4 17 9 3 6 4 . 7 . 2 3 4 4 7 2 15 3 2 4 11 9 1 5 4 2 9 11 5 Tactical Retreats 33 | . . . . 1 13 . 1 1 . . . . . 4 1 1 . 1 . . . 2 1 . 1 . . 1 4 1 Traps | -11 -10 -10 -9 -9 -9 -8 -8 -8 -8 -8 -7 -7 -7 -7 -6 -6 -5 -5 -4 -4 -4 -4 -4 -4 -3 -3 -2 -2 -1 -1 ------- Run | Jun Mat Min Mat Min Exi Min Mat Gar Mat Gar Fac Was Fac Gar Fac Gar Fac Gar Fac Was Fac Gar Arm Lab Res Gar Res Gar Acc Com Traps Triggered 21 | . . . . 1 . . 2 . . 3 1 . . . . . . 3 1 . . 3 2 . 1 1 . 1 1 1 Indirectly . | . . . . . . . . . . . . . . . . . . . . . . . . . . . . . . . Trap Hack Attempts . | . . . . . . . . . . . . . . . . . . . . . . . . . . . . . . . Triggered . | . . . . . . . . . . . . . . . . . . . . . . . . . . . . . . . Disarmed . | . . . . . . . . . . . . . . . . . . . . . . . . . . . . . . . Reprogrammed . | . . . . . . . . . . . . . . . . . . . . . . . . . . . . . . . Reused . | . . . . . . . . . . . . . . . . . . . . . . . . . . . . . . . Traps Extracted . | . . . . . . . . . . . . . . . . . . . . . . . . . . . . . . . Installed . | . . . . . . . . . . . . . . . . . . . . . . . . . . . . . . . Triggered . | . . . . . . . . . . . . . . . . . . . . . . . . . . . . . . . Exploded 3 | . . . . . 3 . . . . . . . . . . . . . . . . . . . . . . . . . Machines | -11 -10 -10 -9 -9 -9 -8 -8 -8 -8 -8 -7 -7 -7 -7 -6 -6 -5 -5 -4 -4 -4 -4 -4 -4 -3 -3 -2 -2 -1 -1 ---------- Run | Jun Mat Min Mat Min Exi Min Mat Gar Mat Gar Fac Was Fac Gar Fac Gar Fac Gar Fac Was Fac Gar Arm Lab Res Gar Res Gar Acc Com Machines Disabled 68 | . . 1 . . 12 1 3 1 . 4 . . 4 3 2 6 . 3 1 . . 3 10 1 . 4 1 8 . . Max in Single Turn 4 | . . 1 . . 2 1 1 1 . 1 . . 4 1 1 1 . 1 . . . 1 1 1 . 1 . 2 . . Garrison Access 2 | . . . . . . . . . . . . . . . . . . . . . . . . . . . . . 2 . Garrison Relay 18 | . . . . . . . . 1 . 1 . . . 3 . 2 . 2 . . . 3 . . . 4 . 2 . . Phase Generator 1 | . . . . . . . . . . . . . . . . . . . . . . . . . . . . 1 . . Energy Cycler 1 | . . . . . . . . . . . . . . . . . . . . . . . 1 . . . . . . . Machines Repaired . | . . . . . . . . . . . . . . . . . . . . . . . . . . . . . . . Machines Sabotaged . | . . . . . . . . . . . . . . . . . . . . . . . . . . . . . . . Overloaded Fab Kills . | . . . . . . . . . . . . . . . . . . . . . . . . . . . . . . . Hacking | -11 -10 -10 -9 -9 -9 -8 -8 -8 -8 -8 -7 -7 -7 -7 -6 -6 -5 -5 -4 -4 -4 -4 -4 -4 -3 -3 -2 -2 -1 -1 --------- Run | Jun Mat Min Mat Min Exi Min Mat Gar Mat Gar Fac Was Fac Gar Fac Gar Fac Gar Fac Was Fac Gar Arm Lab Res Gar Res Gar Acc Com Machines Accessed 56 | . 3 . 4 1 2 . 4 1 1 1 . . 5 2 1 1 3 2 3 . 1 1 1 1 3 1 1 . 10 3 Terminals 34 | . 2 . 4 . . . 2 1 . 1 . . 2 2 . 1 1 2 1 . . 1 1 . 2 1 . . 8 2 Fabricators 4 | . . . . . . . . . . . . . 2 . . . 1 . 1 . . . . . . . . . . . Repair Stations 1 | . . . . . . . . . . . . . . . . . . . . . . . . . . . . . . 1 Recycling Units 3 | . 1 . . . . . 1 . . . . . . . . . . . 1 . . . . . . . . . . . Scanalyzers . | . . . . . . . . . . . . . . . . . . . . . . . . . . . . . . . Garrison Access 10 | . . . . . . . 1 . 1 . . . 1 . 1 . 1 . . . 1 . . . 1 . 1 . 2 . Total Hacks 137 | . 9 . 8 1 2 . 8 2 1 2 . . 12 2 1 2 6 6 9 . 1 2 4 18 13 5 1 . 19 3 Successful 80 | . 4 . 4 1 2 . 5 1 1 . . . 5 2 1 . 3 2 6 . 1 . 3 18 8 1 1 . 9 2 Failed 57 | . 5 . 4 . . . 3 1 . 2 . . 7 . . 2 3 4 3 . . 2 1 . 5 4 . . 10 1 Catastrophic 15 | . 1 . 1 . . . 1 1 . 1 . . 1 . . . 1 1 1 . . . 1 . 1 1 . . 2 1 Database Lockouts . | . . . . . . . . . . . . . . . . . . . . . . . . . . . . . . . Manual 58 | . 8 . 6 . 1 . 5 1 . . . . 5 . . . 2 2 5 . . . 4 . 8 1 . . 9 1 Terminals 86 | . 7 . 8 . . . 4 2 . 2 . . 5 2 . 2 3 6 3 . . 2 4 . 12 5 . . 17 2 Fabricators 12 | . . . . . . . . . . . . . 6 . . . 2 . 4 . . . . . . . . . . . Repair Stations 1 | . . . . . . . . . . . . . . . . . . . . . . . . . . . . . . 1 Recycling Units 7 | . 2 . . . . . 3 . . . . . . . . . . . 2 . . . . . . . . . . . Scanalyzers . | . . . . . . . . . . . . . . . . . . . . . . . . . . . . . . . Garrison Access 10 | . . . . . . . 1 . 1 . . . 1 . 1 . 1 . . . 1 . . . 1 . 1 . 2 . Terminal Hacks 46 | . 2 . 3 1 2 . 2 1 . . . . . 2 . . . 2 1 . . . 1 18 4 1 . . 5 1 Record 19 | . . . . . 1 . . . . . . . . . . . . . . . . . . 18 . . . . . . Robot Schematic 1 | . . . . . . . 1 . . . . . . . . . . . . . . . . . . . . . . . Robot Analysis 1 | . 1 . . . . . . . . . . . . . . . . . . . . . . . . . . . . . Prototype ID Bank 2 | . . . 1 . . . . . . . . . . . . . . . . . . . . . 1 . . . . . Open Door 6 | . . . . 1 . . . . . . . . . 1 . . . . . . . . . . . . . . 3 1 Branch Access Points 1 | . 1 . . . . . . . . . . . . . . . . . . . . . . . . . . . . . Emergency Access Points 1 | . . . . . . . . . . . . . . . . . . 1 . . . . . . . . . . . . Terminal Index 2 | . . . . . . . . . . . . . . . . . . . . . . . 1 . . . . . 1 . Unreport Threat 1 | . . . . . . . . . . . . . . . . . . . 1 . . . . . . . . . . . Security Status 1 | . . . . . . . . . . . . . . . . . . . . . . . . . . . . . 1 . Hauler Manifests 3 | . . . 1 . . . 1 . . . . . . . . . . . . . . . . . 1 . . . . . Registered Components 1 | . . . . . . . . . . . . . . . . . . . . . . . . . 1 . . . . . Zone Layout 2 | . . . 1 . . . . . . . . . . . . . . . . . . . . . 1 . . . . . Garrison Registry 3 | . . . . . . . . 1 . . . . . 1 . . . . . . . . . . . 1 . . . . Patrol Navigation 1 | . . . . . . . . . . . . . . . . . . 1 . . . . . . . . . . . . EX-Prototype ID Bank 1 | . . . . . 1 . . . . . . . . . . . . . . . . . . . . . . . . . Fabricator Hacks 2 | . . . . . . . . . . . . . 1 . . . . . 1 . . . . . . . . . . . Network Status 2 | . . . . . . . . . . . . . 1 . . . . . 1 . . . . . . . . . . . Repair Station Hacks 1 | . . . . . . . . . . . . . . . . . . . . . . . . . . . . . . 1 Refit 1 | . . . . . . . . . . . . . . . . . . . . . . . . . . . . . . 1 Recycling Unit Hacks 2 | . 1 . . . . . 1 . . . . . . . . . . . . . . . . . . . . . . . Report Inventory 1 | . 1 . . . . . . . . . . . . . . . . . . . . . . . . . . . . . Retrieve Components 1 | . . . . . . . 1 . . . . . . . . . . . . . . . . . . . . . . . Scanalyzer . | . . . . . . . . . . . . . . . . . . . . . . . . . . . . . . . Garrison Access Hacks 10 | . . . . . . . 1 . 1 . . . 1 . 1 . 1 . . . 1 . . . 1 . 1 . 2 . Unlock Access 8 | . . . . . . . 1 . 1 . . . 1 . 1 . 1 . . . 1 . . . 1 . 1 . . . Seal Access 2 | . . . . . . . . . . . . . . . . . . . . . . . . . . . . . 2 . Unauthorized Hacks 19 | . 1 . 1 . . . 1 . . . . . 3 . . . 2 . 4 . . . 2 . 3 . . . 2 . Terminals 10 | . . . 1 . . . . . . . . . 2 . . . . . . . . . 2 . 3 . . . 2 . Track 1 | . . . . . . . . . . . . . . . . . . . . . . . 1 . . . . . . . Botnet 7 | . . . 1 . . . . . . . . . 1 . . . . . . . . . 1 . 2 . . . 2 . Operators 2 | . . . . . . . . . . . . . 1 . . . . . . . . . . . 1 . . . . . Fabricators 6 | . . . . . . . . . . . . . 1 . . . 2 . 3 . . . . . . . . . . . Liberate 2 | . . . . . . . . . . . . . . . . . 1 . 1 . . . . . . . . . . . Fabnet 1 | . . . . . . . . . . . . . . . . . . . 1 . . . . . . . . . . . Haulers 3 | . . . . . . . . . . . . . 1 . . . 1 . 1 . . . . . . . . . . . Repair Stations . | . . . . . . . . . . . . . . . . . . . . . . . . . . . . . . . Recycling Units 3 | . 1 . . . . . 1 . . . . . . . . . . . 1 . . . . . . . . . . . Recyclers 1 | . . . . . . . . . . . . . . . . . . . 1 . . . . . . . . . . . Tunnel 2 | . 1 . . . . . 1 . . . . . . . . . . . . . . . . . . . . . . . Scanalyzers . | . . . . . . . . . . . . . . . . . . . . . . . . . . . . . . . Garrison Access . | . . . . . . . . . . . . . . . . . . . . . . . . . . . . . . . Data Cores Recovered 1 | . . . . . . . . . . . . . 1 . . . . . . . . . . . . . . . . . Used . | . . . . . . . . . . . . . . . . . . . . . . . . . . . . . . . Hacking Detections 40 | . 2 . 4 . . . 2 1 . 1 . . 5 1 . 1 3 1 2 . . 1 1 . 2 1 1 . 8 3 Full Trace Events 3 | . 1 . . . . . . . . . . . . . . . . . . . . . . . . . . . 2 . Feedback Events . | . . . . . . . . . . . . . . . . . . . . . . . . . . . . . . . Feedback Blocked . | . . . . . . . . . . . . . . . . . . . . . . . . . . . . . . . Robot Schematics Acquired 1 | . . . . . . . 1 . . . . . . . . . . . . . . . . . . . . . . . Robots Built . | . . . . . . . . . . . . . . . . . . . . . . . . . . . . . . . Authchips . | . . . . . . . . . . . . . . . . . . . . . . . . . . . . . . . Time . | . . . . . . . . . . . . . . . . . . . . . . . . . . . . . . . Total Robot Build Rating . | . . . . . . . . . . . . . . . . . . . . . . . . . . . . . . . Part Schematics Acquired . | . . . . . . . . . . . . . . . . . . . . . . . . . . . . . . . Parts Built . | . . . . . . . . . . . . . . . . . . . . . . . . . . . . . . . Authchips . | . . . . . . . . . . . . . . . . . . . . . . . . . . . . . . . Time . | . . . . . . . . . . . . . . . . . . . . . . . . . . . . . . . Total Part Build Rating . | . . . . . . . . . . . . . . . . . . . . . . . . . . . . . . . Parts Repaired . | . . . . . . . . . . . . . . . . . . . . . . . . . . . . . . . Time . | . . . . . . . . . . . . . . . . . . . . . . . . . . . . . . . Parts Recycled . | . . . . . . . . . . . . . . . . . . . . . . . . . . . . . . . Recycled Matter . | . . . . . . . . . . . . . . . . . . . . . . . . . . . . . . . Retrieved Matter . | . . . . . . . . . . . . . . . . . . . . . . . . . . . . . . . Retrieved Components 10 | . . . . . . . 10 . . . . . . . . . . . . . . . . . . . . . . . Parts Scanalyzed . | . . . . . . . . . . . . . . . . . . . . . . . . . . . . . . . Part Schematics Acquired . | . . . . . . . . . . . . . . . . . . . . . . . . . . . . . . . Parts Damaged . | . . . . . . . . . . . . . . . . . . . . . . . . . . . . . . . Bothacking | -11 -10 -10 -9 -9 -9 -8 -8 -8 -8 -8 -7 -7 -7 -7 -6 -6 -5 -5 -4 -4 -4 -4 -4 -4 -3 -3 -2 -2 -1 -1 ------------ Run | Jun Mat Min Mat Min Exi Min Mat Gar Mat Gar Fac Was Fac Gar Fac Gar Fac Gar Fac Was Fac Gar Arm Lab Res Gar Res Gar Acc Com Used RIF Installer 9 | . . . . . . . . 1 . 2 . . . 1 . 1 . 1 . . . 1 . . . 1 . 1 . . Command Fork 1 | . . . . . . . . . . 1 . . . . . . . . . . . . . . . . . . . . Signal Jammer 1 | . . . . . . . . . . . . . . 1 . . . . . . . . . . . . . . . . Zone Cloak 2 | . . . . . . . . . . . . . . . . . . 1 . . . . . . . . . 1 . . Robot Detection 1 | . . . . . . . . . . . . . . . . 1 . . . . . . . . . . . . . . Patrol Navigation 1 | . . . . . . . . . . 1 . . . . . . . . . . . . . . . . . . . . Alert ID Control 1 | . . . . . . . . . . . . . . . . . . . . . . 1 . . . . . . . . Autooverride 1 | . . . . . . . . . . . . . . . . . . . . . . . . . . 1 . . . . Robots Hacked 130 | . . . . . . . . . . . . . 6 2 5 3 3 5 5 6 1 19 15 . 5 8 8 13 26 . Non-combat 30 | . . . . . . . . . . . . . 4 . 4 . 3 . 2 . . 3 3 . . . 3 . 8 . Combat 100 | . . . . . . . . . . . . . 2 2 1 3 . 5 3 6 1 16 12 . 5 8 5 13 18 . Autooverrided 9 | . . . . . . . . . . . . . . . . . . . . . . . . . . 1 . 2 6 . Robot Hacks Applied 135 | . . . . . . . . . . . . . 8 2 6 3 4 5 6 8 2 19 16 . 6 7 9 10 24 . parse_system 1 | . . . . . . . . . . . . . . . . . . . . . . . 1 . . . . . . . ignore_repairs 2 | . . . . . . . . . . . . . . . 2 . . . . . . . . . . . . . . . map_walls 4 | . . . . . . . . . . . . . 1 . 1 . . . . . . . . . . . 2 . . . drop_inventory 4 | . . . . . . . . . . . . . . . . . 2 . 1 . . . . . . . . . 1 . ignore_parts 4 | . . . . . . . . . . . . . 2 . . . . . . . . . . . . . . . 2 . block_reporting 3 | . . . . . . . . . . . . . 1 . . . 1 . 1 . . . . . . . . . . . summon_haulers 2 | . . . . . . . . . . . . . . . . . . . . . . . . . . . . . 2 . map_route 4 | . . . . . . . . . . . . . . . . . . . . . . . 1 . . . . . 3 . mark_security 1 | . . . . . . . . . . . . . . . . . . . . . . . . . . . . . 1 . ignore_targets 8 | . . . . . . . . . . . . . . . . . . . . 8 . . . . . . . . . . emergency_deploy 2 | . . . . . . . . . . . . . 1 . . . . . . . . . 1 . . . . . . . find_garrison 7 | . . . . . . . . . . . . . 1 . 1 . . . 1 . . . . . 1 . 1 . 2 . focus_fire 1 | . . . . . . . . . . . . . . . . . . . . . . . . . . . . 1 . . overload_power 1 | . . . . . . . . . . . . . . . . . . . . . . . . . . . . . 1 . amplify_resonance 1 | . . . . . . . . . . . . . . . . . . . . . . 1 . . . . . . . . wipe_record 1 | . . . . . . . . . . . . . . . . . . . . . 1 . . . . . . . . . reboot_system 2 | . . . . . . . . . . . . . . . . . . 1 . . . . . . 1 . . . . . overwrite_iff 18 | . . . . . . . . . . . . . 1 . . . . 2 . . 1 2 3 . . 5 1 2 1 . streamctrl_high 1 | . . . . . . . . . . . . . . . . . . . . . . . . . . . . . 1 . formatsys_low 7 | . . . . . . . . . . . . . 1 . 1 . . . . . . . 2 . . . 1 . 2 . formatsys_high 61 | . . . . . . . . . . . . . . 2 1 3 1 2 3 . . 16 8 . 4 2 4 7 8 . Relay Couplers Released 82 | . . . . . . . . 4 . 6 . . . 13 . 8 . 13 . . . 14 . . . 16 . 8 . . Machine Destruction 76 | . . . . . . . . 4 . 3 . . . 13 . 8 . 10 . . . 14 . . . 16 . 8 . . Programmers 6 | . . . . . . . . . . 3 . . . . . . . 3 . . . . . . . . . . . . Attached 66 | . . . . . . . . . . . . . 2 1 3 5 . 8 1 1 . 11 6 . 1 5 4 6 11 1 Fabnet Peak Effective % 3 | . . . . . . . . . . . . . . . . . . . . . . . . . 3 3 1 1 . . Autooverrided 1 | . . . . . . . . . . . . . . . . . . . . . . . . . . . . 1 . . Robots Rewired 7 | . . . . . . . . . . . . . . 3 . . . . . . . . 4 . . . . . . . Allies Hacked 3 | . . . . . . . . . . . . . . . 1 . . 1 . . . . . . . . . 1 . . Hacks Repelled . | . . . . . . . . . . . . . . . . . . . . . . . . . . . . . . . Allies | -11 -10 -10 -9 -9 -9 -8 -8 -8 -8 -8 -7 -7 -7 -7 -6 -6 -5 -5 -4 -4 -4 -4 -4 -4 -3 -3 -2 -2 -1 -1 -------- Run | Jun Mat Min Mat Min Exi Min Mat Gar Mat Gar Fac Was Fac Gar Fac Gar Fac Gar Fac Was Fac Gar Arm Lab Res Gar Res Gar Acc Com Total Allies 127 | . . . . 2 . . . . . . . 1 2 7 2 3 1 6 6 . 2 23 17 . 4 8 8 14 21 . Largest Group 12 | . . . . 2 1 . . . . . . 1 1 6 3 3 3 3 4 1 2 8 12 1 3 2 6 6 5 . Highest-Rated Group 497 | . . . . 45 31 . . . . . . 31 26 183 87 87 80 190 168 12 94 304 497 49 90 105 367 427 290 . Highest-Rated Ally 160 | . . . . 31 31 . . . . . . 31 26 95 41 41 29 95 95 12 47 116 65 49 64 64 69 148 160 . Total Orders 25 | . . . . . . . . . . . . . . 2 9 5 . 2 . . . . 4 . . 1 2 . . . STAY 12 | . . . . . . . . . . . . . . 1 3 4 . 2 . . . . 1 . . . 1 . . . ROAM 1 | . . . . . . . . . . . . . . . . . . . . . . . . . . 1 . . . . FOLLOW 6 | . . . . . . . . . . . . . . 1 3 1 . . . . . . 1 . . . . . . . AID 6 | . . . . . . . . . . . . . . . 3 . . . . . . . 2 . . . 1 . . . Ally Attacks 766 | . . . . 4 . . . . . . . 21 5 46 3 37 8 45 16 49 1 95 115 1 20 7 24 150 119 . Total Damage 19898 | . . . . 64 . . . . . . . 403 46 1260 72 1014 95 1404 237 636 21 1651 4421 16 388 239 969 3461 3501 . Kills 120 | . . . . . . . . . . . . . 1 12 . 10 . 8 3 . 1 11 25 . . . 4 25 20 . Allies Corrupted 5 | . . . . . . . . . . . . . . . . . . . . . . . . . 1 . 1 . 3 . Allies Melted 2 | . . . . . . . . . . . . . . . . . . . . . . 1 . . . . . 1 . . Intel | -11 -10 -10 -9 -9 -9 -8 -8 -8 -8 -8 -7 -7 -7 -7 -6 -6 -5 -5 -4 -4 -4 -4 -4 -4 -3 -3 -2 -2 -1 -1 ------- Run | Jun Mat Min Mat Min Exi Min Mat Gar Mat Gar Fac Was Fac Gar Fac Gar Fac Gar Fac Was Fac Gar Arm Lab Res Gar Res Gar Acc Com Robot Analysis Total 1 | . 1 . . . . . . . . . . . . . . . . . . . . . . . . . . . . . Derelict Logs Recovered 3 | . . 2 . 1 . . . . . . . . . . . . . . . . . . . . . . . . . . Drone Launches . | . . . . . . . . . . . . . . . . . . . . . . . . . . . . . . . Drone Recoveries . | . . . . . . . . . . . . . . . . . . . . . . . . . . . . . . . Exploration | -11 -10 -10 -9 -9 -9 -8 -8 -8 -8 -8 -7 -7 -7 -7 -6 -6 -5 -5 -4 -4 -4 -4 -4 -4 -3 -3 -2 -2 -1 -1 ------------- Run | Jun Mat Min Mat Min Exi Min Mat Gar Mat Gar Fac Was Fac Gar Fac Gar Fac Gar Fac Was Fac Gar Arm Lab Res Gar Res Gar Acc Com Turns Passed 26083 | . 528 1114 876 1575 1806 239 1145 457 31 1240 50 467 553 1297 555 1263 272 2068 400 242 142 1735 1161 405 502 1067 726 1625 1734 808 Spaces Moved 11085 | 1 300 528 490 504 695 90 533 235 21 389 30 272 248 655 267 529 154 803 232 135 49 793 545 213 189 359 277 574 776 199 Core 198 | . . . . . . . . . . . . . . . . . . 120 . . . . . . . . . . . 78 Treads 6985 | . . 352 . . 452 90 62 . . . . 74 248 655 267 529 154 683 232 135 49 247 271 213 189 359 277 574 776 97 Legs 1254 | 1 275 . . . 158 . . . . . . . . . . . . . . . . 546 274 . . . . . . . Wheels 2624 | . 25 176 490 504 85 . 471 235 21 389 30 198 . . . . . . . . . . . . . . . . . . Hover . | . . . . . . . . . . . . . . . . . . . . . . . . . . . . . . . Flight 24 | . . . . . . . . . . . . . . . . . . . . . . . . . . . . . . 24 Fastest Speed 40 | 120 105 105 105 135 150 240 145 145 145 145 145 145 160 160 160 160 160 50 160 160 240 120 120 160 160 160 160 160 152 40 Average Speed 175 | 120 149 199 124 139 220 240 156 146 145 146 158 149 160 160 160 162 160 200 160 160 240 174 154 160 213 230 237 229 170 106 Slowest Speed 1350 | 120 260 240 150 150 560 240 240 160 145 160 160 160 160 160 160 165 160 1350 160 240 240 240 250 250 245 245 245 250 245 180 Overloaded Moves . | . . . . . . . . . . . . . . . . . . . . . . . . . . . . . . . Propulsion Burnouts . | . . . . . . . . . . . . . . . . . . . . . . . . . . . . . . . Robots Hopped 2 | . . . . . . . . . . . . . . . . . . . . . . . . . . . . . . 2 Cave-ins Triggered . | . . . . . . . . . . . . . . . . . . . . . . . . . . . . . . . Teleports 1 | . . . . . . . . . . . . . . . . . . . . . . . . 1 . . . . . . Exploration Rate (%) 44 | 2 54 97 59 94 88 34 54 51 5 50 2 87 7 58 8 61 8 85 10 80 2 64 48 94 12 48 11 79 19 9 Regions Visited 30 Branch Regions 7 Pre-discovered Areas 5 | . 1 . . 2 1 . 1 . . . . . . . . . . . . . . . . . . . . . . . Known Exits Taken 9 | . 1 . . . . . 1 . 1 . . . 1 . 1 . 1 . . . 1 . . . 1 . 1 . . . Unknown Exits Taken 9 | 1 . 1 1 1 1 1 . . . . . . . . . . . . . . . . 1 1 . . . . 1 . Scrap Searched 4 | . . 2 . 1 . 1 . . . . . . . . . . . . . . . . . . . . . . . . Spaces Dug 283 | . . 9 . . 1 . 3 . . 7 . . 1 1 6 5 . . . . . 32 3 1 3 1 . 202 7 1 Terrain Destroyed 1306 | . . 52 28 77 7 15 196 . . 35 . . 44 40 52 9 . 18 . . 1 74 156 1 3 3 . 487 7 1 Melee 47 | . . . . . 1 . 3 . . 7 . . 1 1 4 5 . . . . . 5 3 1 . . . 9 6 1 Projectile 82 | . . . . . 6 5 14 . . 12 . . 3 4 4 . . 12 . . 1 11 3 . 3 3 . . 1 . AOE 1172 | . . 52 28 77 . 10 178 . . 14 . . 40 34 44 3 . 6 . . . 58 150 . . . . 478 . . Terrain Rammed . | . . . . . . . . . . . . . . . . . . . . . . . . . . . . . . . Walls Destroyed . | . . . . . . . . . . . . . . . . . . . . . . . . . . . . . . . Machines Disabled . | . . . . . . . . . . . . . . . . . . . . . . . . . . . . . . . Actions | -11 -10 -10 -9 -9 -9 -8 -8 -8 -8 -8 -7 -7 -7 -7 -6 -6 -5 -5 -4 -4 -4 -4 -4 -4 -3 -3 -2 -2 -1 -1 --------- Run | Jun Mat Min Mat Min Exi Min Mat Gar Mat Gar Fac Was Fac Gar Fac Gar Fac Gar Fac Was Fac Gar Arm Lab Res Gar Res Gar Acc Com Total 15668 | . 345 561 638 1346 849 101 733 297 21 957 33 310 351 806 358 770 174 1088 253 151 62 1036 773 253 258 519 330 743 1078 474 Wait 2006 | . 6 . 1 817 6 . 46 2 . 462 . . 49 29 44 83 5 39 . . . 62 40 . 19 41 28 16 77 134 Move 11060 | . 299 527 489 503 694 89 532 234 21 388 30 271 248 654 267 528 154 802 232 134 49 792 544 212 189 358 277 573 775 195 Hop 2 | . . . . . . . . . . . . . . . . . . . . . . . . . . . . . . 2 Pick Up 234 | . 10 2 26 2 21 . 12 8 . 8 . 6 1 6 2 17 . 36 1 . 1 17 12 4 6 11 1 8 14 2 Fast Attach 152 | . 1 . 9 . 7 . 5 1 . 1 . 2 . 11 . 7 . 24 2 2 . 24 12 10 4 6 1 3 15 5 Attach 122 | . . . 3 2 6 . 4 2 . . 2 . 1 5 3 8 1 14 . 1 . 14 11 1 3 5 3 4 19 10 Detach 12 | . . . 1 . 1 . . 1 . . . . . 1 . . . 1 1 . . . 1 . . . . . 5 . Swap 200 | . 6 5 10 6 11 2 10 10 . 8 1 6 8 7 8 8 3 12 4 1 1 6 16 2 5 4 3 17 13 7 Drop 233 | . 3 . 26 1 26 . 22 10 . 8 . 12 1 9 . 17 . 22 . 2 . 9 13 10 6 13 1 6 9 7 Fire 1228 | . 19 26 72 12 49 6 84 19 . 43 . 11 38 38 27 40 11 84 12 11 11 86 84 . 24 76 16 88 130 111 Melee 301 | . . . . 3 28 4 18 10 . 23 . 2 4 27 6 62 . 28 . . . 15 11 14 2 3 . 26 14 1 Ram 1 | . . . 1 . . . . . . . . . . . . . . . . . . . . . . . . . . . Kick 1 | . 1 . . . . . . . . . . . . . . . . . . . . . . . . . . . . . Crush 24 | . . 1 . . . . . . . . . . 1 . 1 . . 11 . . . . 2 . . 1 . . 7 . Escape Stasis 31 | . . . . . . . . . . 16 . . . . . . . 4 . . . 10 . . . . . 1 . . Rewire 61 | . . . . . . . . . . . . . . 19 . . . 11 1 . . 1 27 . . 1 . 1 . . Trap . | . . . . . . . . . . . . . . . . . . . . . . . . . . . . . . . Miscellaneous . | . . . . . . . . . . . . . . . . . . . . . . . . . . . . . . . Route ------- -11/Junkyard -10/Materials (discovered 2 exits: *Mat / *Min) -10/Mines (discovered 2 exits: *Mat x2) -9/Materials (discovered 2 exits: *Mat / *Min) -9/Mines (discovered 3 exits: *Mat x2 / *Exi) -9/Exiles -8/Mines -8/Materials (discovered 3 exits: [*Fac] / *Sto / Gar) -8/Garrison (discovered 3 exits: *Mat x3) -8/Materials -8/Garrison -7/Factory -7/Waste -7/Factory -7/Garrison (discovered 3 exits: *Fac x3) -6/Factory (discovered 2 exits: *Fac / Gar) -6/Garrison (discovered 2 exits: *Fac x2) -5/Factory -5/Garrison (discovered 3 exits: *Fac x3) -4/Factory -4/Waste -4/Factory -4/Garrison (discovered 4 exits: *Arm x4) -4/Armory -4/Lab -3/Research -3/Garrison (discovered 3 exits: *Res x3) -2/Research -2/Garrison (discovered 3 exits: *Acc x3) -1/Access -1/Command History --------- Turn | Location | Event 1 | -11/Junkyard | Discovered new exit (range 0) 1 | -11/Junkyard | Entered Materials 288 | -10/Materials | Discovered new exit (range 16) 308 | -10/Materials | Build established: Mutant 436 | -10/Materials | Identified exit to Mines 529 | -10/Materials | Entered Mines 536 | -10/Mines | Received a Rocket Launcher from a helpful Derelict 553 | -10/Mines | Discovered new exit (range 8) 928 | -10/Mines | Discovered new exit (range 10) 1076 | -10/Mines | Learned Materials interactive machine intel 1643 | -10/Mines | Entered Materials 1643 | -9/Materials | Evolved 2 slots: Propulsion x1, Utility x1 1644 | -9/Materials | Loaded intel: 15 interactive machine locations 2080 | -9/Materials | Discovered new exit (range 3) 2471 | -9/Materials | Discovered new exit (range 7) 2519 | -9/Materials | Entered Mines 2525 | -9/Mines | Assembled infested the area 2569 | -9/Mines | Destroyed 17 combat bots 3358 | -9/Mines | Learned location of Storage (-8) 3433 | -9/Mines | Discovered new exit (range 10) 3456 | -9/Mines | Deemed a non-threat by the Exiles lab entrance 3458 | -9/Mines | Discovered new exit (range 5) 3481 | -9/Mines | Discovered new exit (range 7) 3758 | -9/Mines | Met a Derelict who couldn't figure out how to use a Trap Extractor 4094 | -9/Mines | Entered Exiles 4094 | -9/Exiles | Accompanied by 1 ally 4124 | -9/Exiles | Led the pair of lost Derelicts to a safe place 4163 | -9/Exiles | Met 8R-AWN 4202 | -9/Exiles | Met EX-HEX 4265 | -9/Exiles | Met EX-BIN 4295 | -9/Exiles | Aligned with FarCom system 4297 | -9/Exiles | Given EX-Vault access code 4355 | -9/Exiles | Opened EX-Vault 4372 | -9/Exiles | Found Cloak of Protection 4381 | -9/Exiles | Found Potential Leg 4385 | -9/Exiles | Found Potential Leg 4436 | -9/Exiles | Warned to stay clear of 0b10 Research branches 4511 | -9/Exiles | Met EX-DEC 4520 | -9/Exiles | Learned location of Zion (-6) 4549 | -9/Exiles | Attacked by the Exiles 4570 | -9/Exiles | Core integrity fell below 50% 4676 | -9/Exiles | Found Prototype Ballistic Gun 4676 | -9/Exiles | Identified 8R-AWN's Boregun 4683 | -9/Exiles | Found 8R-AWN's Boregun 4967 | -9/Exiles | Destroyed EX-DEC 5000 | -9/Exiles | Destroyed EX-HEX 5009 | -9/Exiles | Destroyed EX-BIN 5118 | -9/Exiles | Found Prototype Processor 5118 | -9/Exiles | Identified Exp. Core Analyzer 5360 | -9/Exiles | Build established: Scavenger-Mutant 5466 | -9/Exiles | Destroyed 8R-AWN 5594 | -9/Exiles | Discovered new exit (range 10) 5900 | -9/Exiles | Entered Mines 6102 | -8/Mines | Discovered new exit (range 9) 6139 | -8/Mines | Entered Materials 6139 | -8/Materials | Evolved 2 slots: Propulsion x1, Utility x1 6140 | -8/Materials | Identified exit to Storage 6659 | -8/Materials | Destroyed 11 combat bots 6928 | -8/Materials | Identified exit to Garrison 6948 | -8/Materials | Discovered new exit (range 3) 7284 | -8/Materials | Entered Garrison 7298 | -8/Garrison | Triggered checkpoint 7305 | -8/Garrison | Discovered new exit (range 62) 7305 | -8/Garrison | Discovered new exit (range 85) 7305 | -8/Garrison | Discovered new exit (range 63) 7426 | -8/Garrison | Triggered checkpoint 7560 | -8/Garrison | Triggered checkpoint 7593 | -8/Garrison | Installed Relay Interface Framework 7612 | -8/Garrison | Garrison Relay disabled 7738 | -8/Garrison | Build established: Mutant 7741 | -8/Garrison | Entered Materials 7772 | -8/Materials | Identified exit to Garrison 7772 | -8/Materials | Entered Garrison 7804 | -8/Garrison | Triggered checkpoint 7861 | -8/Garrison | Garrison Relay disabled 7899 | -8/Garrison | Triggered checkpoint 7924 | -8/Garrison | Triggered checkpoint 8114 | -8/Garrison | Discovered new exit (range 12) 8181 | -8/Garrison | Build established: Bothacker-Mutant 8308 | -8/Garrison | Triggered checkpoint 8387 | -8/Garrison | Expanded RIF knowledge: Patrol Navigation 8934 | -8/Garrison | Expanded RIF knowledge: Command Fork 9012 | -8/Garrison | Entered Factory 9012 | -7/Factory | Evolved 2 slots: Utility x2 9062 | -7/Factory | Sucked down chute 9062 | -7/Factory | Entered Waste 9063 | -7/Waste | Met a frightened Derelict 9068 | -7/Waste | Spotted C-40 Crusher 9079 | -7/Waste | Destroyed C-40 Crusher 9079 | -7/Waste | Destroyed C-40 Crusher 9079 | -7/Waste | Destroyed C-40 Crusher 9082 | -7/Waste | Destroyed C-40 Crusher 9111 | -7/Waste | Spotted C-40 Crusher 9124 | -7/Waste | Destroyed C-40 Crusher 9157 | -7/Waste | Destroyed C-40 Crusher 9218 | -7/Waste | Discovered new exit (range 15) 9402 | -7/Waste | Found Damper Plating 9529 | -7/Waste | Entered Factory 9703 | -7/Factory | Build established: Scavenger-Mutant 10082 | -7/Factory | Identified exit to Garrison 10082 | -7/Factory | Entered Garrison 10082 | -7/Garrison | Accompanied by 1 ally 10083 | -7/Garrison | Build established: Bothacker-Mutant 10176 | -7/Garrison | Triggered checkpoint 10188 | -7/Garrison | Found embedded Infiltrators 10247 | -7/Garrison | Garrison Relay disabled 10310 | -7/Garrison | Triggered checkpoint 10313 | -7/Garrison | Triggered checkpoint 10399 | -7/Garrison | Build established: Scavenger-Mutant 10440 | -7/Garrison | Triggered checkpoint 10461 | -7/Garrison | Garrison Relay disabled 10524 | -7/Garrison | Discovered new exit (range 15) 10844 | -7/Garrison | Triggered checkpoint 10889 | -7/Garrison | Discovered new exit (range 12) 10889 | -7/Garrison | Discovered new exit (range 40) 10889 | -7/Garrison | Discovered new exit (range 63) 10934 | -7/Garrison | Triggered checkpoint 10960 | -7/Garrison | Expanded RIF knowledge: Signal Jamming 11022 | -7/Garrison | Triggered checkpoint 11331 | -7/Garrison | Build established: Bothacker-Mutant 11379 | -7/Garrison | Entered Factory 11379 | -6/Factory | Accompanied by 1 ally 11379 | -6/Factory | Evolved 2 slots: Utility x2 11490 | -6/Factory | Discovered new exit (range 8) 11927 | -6/Factory | Identified exit to Garrison 11934 | -6/Factory | Entered Garrison 11934 | -6/Garrison | Accompanied by 3 allies 11957 | -6/Garrison | Expanded RIF knowledge: Robot Detection 12019 | -6/Garrison | Heavy support dispatched to Factory 12149 | -6/Garrison | Lost 5 parts (1n4u) 12176 | -6/Garrison | Triggered checkpoint 12190 | -6/Garrison | Garrison Relay disabled 12241 | -6/Garrison | H-XX Assembler disabled 12652 | -6/Garrison | Spotted B-75 Beast 12664 | -6/Garrison | Triggered checkpoint 12669 | -6/Garrison | Triggered checkpoint 12691 | -6/Garrison | Destroyed B-75 Beast 12746 | -6/Garrison | Triggered checkpoint 12776 | -6/Garrison | Garrison Relay disabled 12884 | -6/Garrison | Spotted B-75 Beast 12962 | -6/Garrison | Discovered new exit (range 14) 13050 | -6/Garrison | Triggered checkpoint 13074 | -6/Garrison | Build established: Botlord-Mutant 13150 | -6/Garrison | Discovered new exit (range 11) 13197 | -6/Garrison | Entered Factory 13197 | -5/Factory | Accompanied by 2 allies 13197 | -5/Factory | Evolved 2 slots: Utility x2 13469 | -5/Factory | Identified exit to Garrison 13469 | -5/Factory | Entered Garrison 13469 | -5/Garrison | Accompanied by 3 allies 13502 | -5/Garrison | Triggered checkpoint 13515 | -5/Garrison | Garrison Relay disabled 13604 | -5/Garrison | Spotted B-75 Beast 13681 | -5/Garrison | Destroyed B-75 Beast 13693 | -5/Garrison | Found Relay Coupler [Proto] 13696 | -5/Garrison | Found Relay Coupler [Proto] 13698 | -5/Garrison | Found Relay Coupler [Proto] 13702 | -5/Garrison | Found Relay Coupler [Proto] 13815 | -5/Garrison | Spotted B-75 Beast 13822 | -5/Garrison | Triggered checkpoint 13891 | -5/Garrison | Triggered checkpoint 13905 | -5/Garrison | Triggered checkpoint 13923 | -5/Garrison | Lost 9 parts (2p2n2u3w) 13977 | -5/Garrison | Lost 4 parts (1p1n1u1w) 14228 | -5/Garrison | Triggered checkpoint 14278 | -5/Garrison | Spotted B-75 Beast 14413 | -5/Garrison | Core integrity fell below 50% 14415 | -5/Garrison | Destroyed B-75 Beast 14436 | -5/Garrison | Lost 5 parts (3n2u) 14626 | -5/Garrison | Garrison Relay disabled 14678 | -5/Garrison | Triggered checkpoint 14774 | -5/Garrison | Discovered new exit (range 8) 14945 | -5/Garrison | Discovered new exit (range 8) 14972 | -5/Garrison | Triggered checkpoint 15052 | -5/Garrison | Found embedded Infiltrators 15374 | -5/Garrison | Discovered new exit (range 5) 15383 | -5/Garrison | Core integrity fell below 20% 15496 | -5/Garrison | Expanded RIF knowledge: Zone Cloak 15514 | -5/Garrison | Triggered checkpoint 15537 | -5/Garrison | Entered Factory 15537 | -4/Factory | Accompanied by 1 ally 15537 | -4/Factory | Evolved 2 slots: Utility x2 15937 | -4/Factory | Sucked down chute 15937 | -4/Factory | Entered Waste 15952 | -4/Waste | EMP discharged 15955 | -4/Waste | 1 allies followed down the chute 15964 | -4/Waste | Spotted C-40 Crusher 15980 | -4/Waste | Spotted C-40 Crusher 16020 | -4/Waste | Spotted C-40 Crusher 16045 | -4/Waste | Spotted C-40 Crusher 16049 | -4/Waste | Crushed by Compactor (0 parts destroyed, 1 dropped) 16052 | -4/Waste | EMP discharged 16052 | -4/Waste | System corruption reached 10% 16052 | -4/Waste | Spotted C-40 Crusher 16056 | -4/Waste | Spotted C-40 Crusher 16090 | -4/Waste | Discovered new exit (range 15) 16152 | -4/Waste | EMP discharged 16155 | -4/Waste | Destroyed C-40 Crusher 16178 | -4/Waste | Found Damper Plating 16179 | -4/Waste | Entered Factory 16321 | -4/Factory | Identified exit to Garrison 16321 | -4/Factory | Entered Garrison 16405 | -4/Garrison | Spotted B-86 Titan 16465 | -4/Garrison | Triggered checkpoint 16492 | -4/Garrison | Lost 4 parts (2n1u1w) 16512 | -4/Garrison | Destroyed B-86 Titan 16648 | -4/Garrison | Triggered checkpoint 16664 | -4/Garrison | Triggered checkpoint 16692 | -4/Garrison | Found Prototype Launcher 16692 | -4/Garrison | Identified Ragnarok Missile Launcher 16704 | -4/Garrison | Found Ragnarok Missile Launcher 16712 | -4/Garrison | Found Prototype Launcher 16712 | -4/Garrison | Identified Hellfire Missile Launcher 16730 | -4/Garrison | Lost 13 parts (2p2n6u3w) 16805 | -4/Garrison | Found Prototype Energy Cannon 16805 | -4/Garrison | Identified Exp. Thermic Cannon 16846 | -4/Garrison | Core integrity fell below 50% 16916 | -4/Garrison | Garrison Relay disabled 17017 | -4/Garrison | Found Ragnarok Missile Launcher 17027 | -4/Garrison | Found Exp. Core Analyzer 17063 | -4/Garrison | Discovered new exit (range 5) 17094 | -4/Garrison | Discovered new exit (range 10) 17206 | -4/Garrison | Triggered checkpoint 17206 | -4/Garrison | Triggered checkpoint 17240 | -4/Garrison | Triggered checkpoint 17322 | -4/Garrison | Discovered new exit (range 12) 17340 | -4/Garrison | Triggered checkpoint 17392 | -4/Garrison | Garrison Relay disabled 17706 | -4/Garrison | Triggered checkpoint 17822 | -4/Garrison | Discovered new exit (range 10) 17847 | -4/Garrison | Expanded RIF knowledge: Alert ID Control 17916 | -4/Garrison | Garrison Relay disabled 18056 | -4/Garrison | Entered Armory 18056 | -4/Armory | Accompanied by 6 allies 18306 | -4/Armory | First assault squad dispatched 18415 | -4/Armory | Destroyed 8 combat bots 18912 | -4/Armory | Core integrity fell below 20% 18916 | -4/Armory | Destroyed 7 combat bots 18970 | -4/Armory | Lost 12 parts (1p3n5u3w) 19119 | -4/Armory | Discovered new exit (range 4) 19217 | -4/Armory | Entered Lab 19217 | -4/Lab | Accompanied by 1 ally 19217 | -4/Lab | Discovered new exit (range 9) 19238 | -4/Lab | Unable to decrypt terminal 19265 | -4/Lab | Detected for breach 19271 | -4/Lab | Confronted by A5 19297 | -4/Lab | System corruption reached 30% 19301 | -4/Lab | Destroyed A5 19322 | -4/Lab | Found Prototype Protection 19322 | -4/Lab | Identified Med. Regenerative Plating 19350 | -4/Lab | Gained access to the hidden lab's interior 19386 | -4/Lab | Found Alien Artifact 19403 | -4/Lab | Found Alien Artifact 19403 | -4/Lab | Identified Transdimensional Reconstructor 19403 | -4/Lab | Warped through subspace 19404 | -4/Lab | Identified Core Regenerator 19404 | -4/Lab | Used Core Regenerator, restored core integrity (+287) 19449 | -4/Lab | Found Alien Artifact 19449 | -4/Lab | Identified Integrated Reactor 19449 | -4/Lab | Installed Integrated Reactor, increased core energy generation (+10) 19482 | -4/Lab | Found Prototype Protection 19482 | -4/Lab | Identified Exp. Powered Armor 19487 | -4/Lab | Found Prototype Energy Cannon 19491 | -4/Lab | Found Prototype Energy Cannon 19520 | -4/Lab | Found Prototype Special Weapon 19542 | -4/Lab | Unable to decrypt terminal 19571 | -4/Lab | Found Prototype Hackware 19571 | -4/Lab | Identified Quantum Router 19622 | -4/Lab | Entered Research 19622 | -3/Research | Evolved 2 slots: Power x1, Utility x1 19644 | -3/Research | Identified Warp Cannon (x2) 19700 | -3/Research | Identified Gui. Remote Datajack 20124 | -3/Research | Identified exit to Garrison 20124 | -3/Research | Entered Garrison 20173 | -3/Garrison | Expanded RIF knowledge: Autooverride 20246 | -3/Garrison | Triggered checkpoint 20287 | -3/Garrison | Garrison Relay disabled 20398 | -3/Garrison | Discovered new exit (range 49) 20398 | -3/Garrison | Discovered new exit (range 57) 20398 | -3/Garrison | Discovered new exit (range 19) 20424 | -3/Garrison | Triggered checkpoint 20431 | -3/Garrison | Spotted B-86 Titan 20446 | -3/Garrison | Triggered checkpoint 20450 | -3/Garrison | Triggered checkpoint 20451 | -3/Garrison | Heavy support dispatched to Research 20457 | -3/Garrison | Destroyed B-86 Titan 20588 | -3/Garrison | Destroyed 16 combat bots 20596 | -3/Garrison | Lost 4 parts (1p2u1w) 20686 | -3/Garrison | Garrison Relay disabled 20769 | -3/Garrison | Heavy support dispatched to Research 20864 | -3/Garrison | Triggered checkpoint 20908 | -3/Garrison | Garrison Relay disabled 20978 | -3/Garrison | Heavy support dispatched to Research 21040 | -3/Garrison | Triggered checkpoint 21092 | -3/Garrison | Triggered checkpoint 21103 | -3/Garrison | Garrison Relay disabled 21121 | -3/Garrison | Heavy support dispatched to Research 21191 | -3/Garrison | Entered Research 21191 | -2/Research | Evolved 2 slots: Utility x2 21917 | -2/Research | Identified exit to Garrison 21917 | -2/Research | Entered Garrison 21917 | -2/Garrison | Accompanied by 3 allies 21982 | -2/Garrison | Triggered checkpoint 22027 | -2/Garrison | Garrison Relay disabled 22191 | -2/Garrison | Spotted B-90 Cyclops 22193 | -2/Garrison | Assimilated Cyclops 9a with formatsys_high 22204 | -2/Garrison | Triggered checkpoint 22234 | -2/Garrison | Triggered checkpoint 22275 | -2/Garrison | P-80 Master assimilated allied Plague 9b 22340 | -2/Garrison | Garrison Relay disabled 22399 | -2/Garrison | Discovered new exit (range 14) 22426 | -2/Garrison | Heavy support dispatched to Access 22526 | -2/Garrison | Triggered checkpoint 22534 | -2/Garrison | H-XX Assembler disabled 22634 | -2/Garrison | Phase Generator disabled 22703 | -2/Garrison | Assembled breached garrison interior 22831 | -2/Garrison | Destroyed 25 combat bots 22895 | -2/Garrison | Destroyed 15 combat bots 22995 | -2/Garrison | Destroyed 9 combat bots 22998 | -2/Garrison | Discovered new exit (range 13) 23368 | -2/Garrison | Discovered new exit (range 9) 23387 | -2/Garrison | Lost 3 parts (2u1w) 23490 | -2/Garrison | Expanded RIF knowledge: Zone Cloak 23542 | -2/Garrison | Entered Access 23542 | -1/Access | Evolved 2 slots: Utility x2 24268 | -1/Access | Intercept squad dispatched 24288 | -1/Access | Spotted Tracker 24288 | -1/Access | Spotted Tracker 24295 | -1/Access | Assimilated Tracker with formatsys_high 24298 | -1/Access | Assimilated Tracker with formatsys_high 24324 | -1/Access | Spotted Combat Programmer 24328 | -1/Access | Allies destroyed Combat Programmer 24331 | -1/Access | Allies destroyed Tracker 24337 | -1/Access | Spotted Combat Programmer 24356 | -1/Access | Destroyed Combat Programmer 24379 | -1/Access | Found Prototype Processor 24379 | -1/Access | Identified Exp. Targeting Computer 24385 | -1/Access | Found Prototype Energy Gun 25042 | -1/Access | First assault squad dispatched 25266 | -1/Access | Discovered new exit (range 7) 25276 | -1/Access | Entered Command 25300 | -1/Command | Lost 8 parts (2p1n4u1w) 25479 | -1/Command | Lost 3 parts (1p1n1u) 25762 | -1/Command | Identified Immobilizer 25884 | -1/Command | Lost 6 parts (1p1n2u2w) 26045 | -1/Command | Spotted M Guard 26045 | -1/Command | Spotted M Guard 26045 | -1/Command | Spotted Combat Programmer 26046 | -1/Command | Spotted Combat Programmer 26061 | -1/Command | Core integrity fell below 50% 26063 | -1/Command | Met MAIN.C 26067 | -1/Command | System corruption reached 10% 26072 | -1/Command | Core integrity fell below 20% 26084 | -1/Command | Destroyed by M Guard with Advanced Micro-nuke Launcher Last Messages --------------- So if you wouldn't mind, it's time to surrender. 26065_ Penetrated by EMDS Slug. 26066_ Adv. Targeting Computer destroyed. 26066_ Hacking Suite destroyed. 26067_ Penetrated by EMDS Slug. 26070_ Identified Xenon Bombardment Thruster. 26070_ Knocked back. 26071_ Penetrated by EMDS Slug. 26073_ Xenon Bombardment Thruster destroyed. 26073_ Door Terminal disabled. 26074_ Penetrated by EMDS Slug. 26076_ ALERT: Rogue bot located, Programmers report to Command Zone 8S. 26076_ EMDS Slug penetrates Reinforced Barrier. 26079_ The unstable cave ceiling collapses. 26081_ Penetrated by EMDS Slug. 26082_ The unstable cave ceiling collapses. 26082_ Penetrated by EMDS Slug. 26082_ Relay Coupler [Proto] destroyed. 26082_ Graphene Brace destroyed. 26084_ Penetrated by EMDS Slug. Map ----- +----------------------------------------------------+ | ?????????????????????????????????????????????????? | | ?????????????????????????????????????????????????? | | ?????????????????????????????????????????????????? | | ?????????????????????????????????????????????????? | | ?????????????????????????????????????????????????? | | ?????????????????????????????????????????????????? | | ?????????????????????????????????????????????????? | | ?????????????????????????????????????????????????? | | ????????????????????????????? ?????????????????? | | ????????????????????????????? #????????????????? | | ????????????????????????????# #????????????????? | | ????????????????????????????# #????????????????? | | ????????????????????????????# #????????????????? | | ##??????????????????????????# #????????????????? | | ??????????????????????????# #????????????????? | | ?????????????????????????# #????????????????? | | #######################??# #????????????????? | | / #??# #????????????????? | | / #??# #????????????????? | | / #??# ########?#???????? | | ################### #?## # # # # ##??????? | | ????????????????????# ### # #??????? | | ?????????????????????# ## # # # ####?#### | | ?????????????????????# Y # #?#[]* | | ?????????????????????# Y### pW # # ### %* | | ?????????????????????# @ p [* = | | ?????????????????????# ==!% | | ?????????????????????# [! | | ?????????????????????# | | ?????????????????????# | | ?????????????????????# # # W # # ### | | ?????????????????????###### # ### ### #?# | | ??????????????????????????#######?#####?#####?#### | | ?????????????????????????????????????????????????? | | ?????????????????????????????????????????????????? | | ?????????????????????????????????????????????????? | | ?????????????????????????????????????????????????? | | ?????????????????????????????????????????????????? | | ?????????????????????????????????????????????????? | | ?????????????????????????????????????????????????? | | ?????????????????????????????????????????????????? | | ?????????????????????????????????????????????????? | | ?????????????????????????????????????????????????? | | ?????????????????????????????????????????????????? | | ?????????????????????????????????????????????????? | | ?????????????????????????????????????????????????? | | ?????????????????????????????????????????????????? | | ?????????????????????????????????????????????????? | | ?????????????????????????????????????????????????? | | ?????????????????????????????????????????????????? | +----------------------------------------------------+ Best States ------------- Heat Dissipation 93 Coolant Potential 65 Energy Generation 59 Energy Capacity 440 Matter Stores 300 Matter Capacity 300 Sight Range 16 Robot Scan Range 18 Terrain Scan Density 10 Jamming Range 16 Additional Mass Support 9 EM Shielding 2 Armor Coverage 1600 Resistance: KI 20 Resistance: TH 15 Resistance: EM 90 Power Shielding 66 Weapon Cycling 20 Phase Shifting 15 Evasion (%) 62 Targeting Accuracy 20 Melee Accuracy 6 Target Analysis 12 Core Analysis 8 Armor Integrity Analysis 40 Recoil Reduction 4 Offensive Hacking 24 Defensive Hacking 25 Relay Coupler Types 8 Relay Coupler Value 169 Authchip Count 3 Item Schematics ----------------- None Robot Schematics ------------------ S-10 Pest | -8/Materials | Hacked Fabricated ------------ Nothing Alien Tech Used ----------------- Transdimensional Reconstructor Core Regenerator Integrated Reactor Achievements -------------- Pyromaniac Challenges ------------ None Game ------ Seed AnalysisDamperPenetrator Manual? 0 Play Time 04:16:32 Cumulative 413.0 hours Start 2023.04.23 @ 02:13:52 End 2023.04.25 @ 10:12:42 Sessions 5 Manual Loads 0 Difficulty Rogue Special Mode None Game No. 447 Rogue 447 Adventurer 0 Explorer 0 Win Type - Total 12 Types 8/0/3/1/0/0/0/0/0 Lore% 82 Gallery% 90 Achievement% 80 Wizard Run 0 Options --------- ASCII 0 Keyboard 0 Movement Numpad Keybinds 0 Fullscreen 1 Font 18/Terminus Map View 76x50 Tactical HUD 1 Map Filters NONE Filters NONE Steam 1 RUN: 3f034a26-8219-433b-92d9-644f75424943